 Dungeon Crawl Stone Soup version 0.21.1-1-g345015f (webtiles) character file.

93 HyperWeapon the Shield-Bearer (level 4, 39/39 HPs)
             Began as a Minotaur Fighter on June 21, 2018.
             Was an Initiate of Ashenzari.
             Quit the game on level 2 of the Dungeon.
             The game lasted 00:04:28 (1337 turns).

HyperWeapon the Shield-Bearer (Minotaur Fighter)    Turns: 1337, Time: 00:04:28

Health: 39/39      AC:  8    Str: 22    XL:     4   Next: 36%
Magic:  3/3        EV:  7    Int:  5    God:    Ashenzari [......]
Gold:   81         SH: 10    Dex:  9    Spells: 3/3 levels left

rFire    . . .     SeeInvis .   a - +0 war axe
rCold    . . .     Gourm    .   c - +0 shield
rNeg     . . .     Faith    .   b - +0 scale mail
rPois    .         Spirit   .   (helmet restricted)
rElec    .         Reflect  .   (no cloak)
rCorr    .         Harm     .   (no gloves)
MR       .....                  l - +0 pair of boots
Stlth    ..........             (no amulet)
HPRegen  0.13/turn              (no ring)
MPRegen  0.08/turn              (no ring)

@: no status effects
A: retaliatory headbutt, horns 2
a: Curse Item, Renounce Religion


You were on level 2 of the Dungeon.
You worshipped Ashenzari.
Ashenzari was noncommittal.
You were not hungry.

You visited 1 branch of the dungeon, and saw 2 of its levels.

You collected 81 gold pieces.

Inventory:

Hand Weapons
 a - a +0 war axe (weapon)
Armour
 b - a +0 scale mail (worn)
 c - a +0 shield (worn)
 l - a +0 pair of boots (worn)
Scrolls
 e - 4 scrolls of remove curse
 g - 2 scrolls of identify {unknown}
 h - 2 scrolls of teleportation {unknown}
 k - a scroll of magic mapping {unknown}
 m - a scroll of immolation {unknown}
 p - a scroll of enchant weapon {unknown}
 r - a scroll of noise {unknown}
Potions
 d - 3 potions of might
 i - a potion of heal wounds {unknown}
 j - a potion of berserk rage {unknown}
 o - a potion of resistance {unknown}
 q - a potion of brilliance {unknown}
Comestibles
 f - 4 rations


   Skills:
 - Level 3.6 Fighting
 + Level 4.3 Axes
 - Level 3.6 Armour
 + Level 5.1 Shields


You had 3 spell levels left.
You didn't know any spells.

Dungeon Overview and Level Annotations

Branches:
Dungeon (2/15)

Altars:
Ashenzari


Innate Abilities, Weirdness & Mutations

You reflexively headbutt those who attack you in melee.
You have a pair of horns on your head.


Message History

The frilled lizard hisses angrily.
Found a shattered altar of Ashenzari.
The frilled lizard hisses.
Found 3 javelins.
r - a scroll labeled HUC NYMEGUMA Eating one of 2 chunks of flesh.
You eat one of the 2 chunks of flesh.
This raw flesh tastes terrible.
You see here a bat corpse.
You open the door.
There is an open door here.
You hit the frilled lizard.
You kill the frilled lizard!
You see here a frilled lizard corpse.
All of the chunks of flesh in your inventory have rotted away.
There is a shattered altar of Ashenzari here.
You kneel at the altar of Ashenzari.
Ashenzari welcomes you!
e - 4 scrolls of remove curse You can now curse your items.
Are you sure you want to abandon this character and quit the game? (Confirm with "yes".)

##......#.....#.....#..###..
#.......#.....#.............
#.......##...##....†#..####.
#........#...#......#..#....
##+......##.##.....†...#....
#.###....#.#....#####.#....
#...###.#####.###.....#....
#.....###...###....#####...
#.......#.@†'.......####...
#.(...###...###.....)......
#...###.#####.###......>...
#.###....#.#....###.....###
#....... #.##......###### #
#$ ..... ... ...... . #.
.... ... #..... . .... ....
..... .. .... ..


There were no monsters in sight!

Vanquished Creatures
  3 adders (D:2)
  An ooze (D:1)
  2 dart slugs
  3 leopard geckos
  A giant cockroach (D:1)
  4 goblins (D:2)
  6 hobgoblins
  4 jackals (D:1)
  5 kobolds
  10 bats
  8 frilled lizards
  9 rats
56 creatures vanquished.

Notes
Turn   | Place    | Note
-------+----------+-------------------------------------------
     0 | D:1      | HyperWeapon the Minotaur Fighter began the quest for the Orb.
     0 | D:1      | Reached XP level 1. HP: 19/19 MP: 0/0
   120 | D:1      | Reached skill level 4 in Shields
   190 | D:1      | Reached XP level 2. HP: 26/26 MP: 1/1
   460 | D:1      | Reached XP level 3. HP: 31/31 MP: 2/2
  1135 | D:2      | Reached XP level 4. HP: 37/39 MP: 3/3
  1187 | D:2      | Reached skill level 5 in Shields
  1286 | D:2      | Found a shattered altar of Ashenzari.
  1336 | D:2      | Became a worshipper of Ashenzari the Shackled
  1337 | D:2      | Quit the game

Skill      XL: |  1  2  3  4 |
---------------+-------------+-----
Shields        | 4 5 |  5.1
Axes           | 3 4 |  4.3
Fighting       | |  3.6
Armour         | |  3.6

Action                   |  1- 3 |  4- 6 || total
-------------------------+-------+-------++-------
Melee: War axe           |    91 |    26 ||   117
       Headbutt          |    13 |     7 ||    20
  Eat: Chunk             |     1 |     1 ||     2
Armor: Scale mail        |    57 |    11 ||    68
Dodge: Dodged            |    31 |     6 ||    37
Block: Shield            |    52 |    10 ||    62
